 Dungeon Crawl Stone Soup version 0.20-a0-893-g832831a (console) character file.

482257 itsmu the Slayer (level 23, -1/202 HPs)
             Began as a Demonspawn Monk on Mar 16, 2017.
             Was the Champion of Wu Jian.
             Killed from afar by a lich (75 damage)
             ... with a crystal spear
             ... on level 3 of the Depths on Mar 17, 2017.
             The game lasted 03:47:43 (53203 turns).

itsmu the Slayer (Demonspawn Monk)                 Turns: 53203, Time: 03:47:44

Health: -1/202     AC: 26    Str: 23    XL:     23   Next: 73%
Magic:  32/32      EV:  9    Int: 13    God:    Wu Jian [******]
Gold:   810        SH: 28    Dex: 17    Spells: 22/22 levels left

rFire    + . .     SeeInvis +   L - +2 double sword (vamp)
rCold    + + .     Gourm    .   V - +7 plate armour of Demons {rElec rPois Dex-2 SInv}
rNeg     . . .     Faith    +   b - +0 large shield {reflect}
rPois    +         Spirit   .   (helmet unavailable)
rElec    +         Reflect  +   n - +0 cloak "Zuulobas" {rPois MR+ Str+2 Stlth+} (curse)
rCorr    .         Harm     .   m - +2 pair of gloves {archery}
MR       +++..                  P - +1 pair of boots {Stlth+}
Stlth    +.........             O - amulet of faith
Regen    3.5/turn               e - ring "Jeefiaplu" {+Blink MR+ Dex+4 Slay+3}
MPRegen  0.3/turn               o - ring "Urchohube" {*Drain +Fly rElec rC++}

@: exhausted, about to teleport, corroded, studying Fighting
A: antennae 3, large bone plates 3, fire resistance 1, powered by death 3, spiny
2
}: 2/15 runes: decaying, gossamer
a: Serpent's Lash, Heaven On Earth, Renounce Religion, Evoke Blink, Evoke Flight


You were on level 3 of the Depths.
You worshipped Wu Jian.
Wu Jian was exalted by your worship.
You were hungry.

You visited 10 branches of the dungeon, and saw 43 of its levels.
You visited the Abyss 1 time.
You also visited: Ossuary and Ice Cave.

You collected 4651 gold pieces.
You spent 3841 gold pieces at shops.

Inventory:

Hand Weapons
 L - a +2 vampiric double sword (weapon)
   (You subdued it on level 2 of the Elven Halls)
Missiles
 G - 2 needles of confusion
 K - 5 curare-tipped needles
Armour
 b - a +0 large shield of reflection (worn)
   (You bought it in a shop on level 15 of the Dungeon)
 m - a +2 pair of gloves of archery (worn)
   (You found it on level 3 of the Elven Halls)
 n - the cursed +0 cloak "Zuulobas" (worn) {rPois MR+ Str+2 Stlth+}
   (You found it on level 1 of the Lair of Beasts)

   It affects your strength (+2).
   It protects you from poison.
   It affects your resistance to hostile enchantments.
   It makes you more stealthy.
   It has a curse placed upon it.
 P - a +1 pair of boots of stealth (worn)
   (You found it on level 3 of the Elven Halls)
 V - the +7 plate armour of Demons (worn) {rElec rPois Dex-2 SInv}
   (You found it on level 6 of the Lair of Beasts)

   It affects your dexterity (-2).
   It insulates you from electricity.
   It protects you from poison.
   It lets you see invisible.
Jewellery
 e - the ring "Jeefiaplu" (right hand) {+Blink MR+ Dex+4 Slay+3}
   (You bought it in a shop on level 2 of the Orcish Mines)

   [ring of protection from magic]

   It affects your dexterity (+4).
   It affects your accuracy and damage with ranged weapons and melee attacks
   (+3).
   It affects your resistance to hostile enchantments.
   It lets you blink.
 k - an uncursed amulet of the gourmand
   (You found it on level 3 of the Elven Halls)
 o - the ring "Urchohube" (left hand) {*Drain +Fly rElec rC++}
   (You found it on level 3 of the Elven Halls)

   [ring of flight]

   It greatly protects you from cold.
   It insulates you from electricity.
   It lets you fly.
   It causes draining when unequipped.
 s - an uncursed ring of protection from magic
   (You found it on level 4 of the Dungeon)
 v - an uncursed ring of protection from cold
   (You found it in an ice cave)
 C - the ring "Uleonuesch" {rCorr Str+2}
   (You found it on level 3 of the Elven Halls)

   [ring of resist corrosion]

   It affects your strength (+2).
 O - an amulet of faith (around neck)
   (You found it on level 5 of the Lair of Beasts)
 T - an uncursed ring of protection from fire
   (You found it on level 4 of the Lair of Beasts)
Wands
 f - a wand of disintegration (6/24)
   (You took it off an orc on level 12 of the Dungeon)
 A - a wand of acid (6/15)
   (You found it on level 3 of the Lair of Beasts)
 D - a wand of acid (8/15)
   (You found it on level 2 of the Depths)
 N - a wand of clouds (4/9)
   (You found it on level 1 of the Swamp)
 U - a wand of digging (9/24)
   (You found it on level 3 of the Lair of Beasts)
 Z - a wand of paralysis (17/24)
   (You found it on level 15 of the Dungeon)
Scrolls
 i - a scroll of enchant weapon
 l - 18 scrolls of teleportation
 t - 14 scrolls of fear
 w - a scroll of identify
 y - 6 scrolls of magic mapping
 E - 2 scrolls of summoning
 R - 5 scrolls of fog
 S - a scroll of remove curse
 W - 2 scrolls of silence
Potions
 d - 9 potions of haste
 g - 4 potions of agility
 q - a potion of berserk rage
 u - 4 potions of heal wounds
 x - 8 potions of curing
 z - 2 potions of magic
 F - 4 potions of resistance
 H - 2 potions of invisibility
 J - 2 potions of cancellation
 Q - 6 potions of ambrosia
Books
 a - a manual of Fighting
   (You found it on level 3 of the Elven Halls)
Miscellaneous
 j - a box of beasts
 p - 2 phantom mirrors
 I - a lamp of fire
   (You found it in an ice cave)
 M - a fan of gales
   (You found it on level 4 of the Lair of Beasts)
Comestibles
 c - 21 bread rations
 h - 5 chunks of flesh
 r - a royal jelly
 B - a meat ration


   Skills:
 * Level 21.7 Fighting
 - Level 16.9 Long Blades
 - Level 12.3 Throwing
 - Level 19.3 Armour
 - Level 5.8 Dodging
 - Level 5.6 Stealth
 * Level 13.1 Shields
 - Level 13.1 Evocations


You had 22 spell levels left.
You didn't know any spells.

Dungeon Overview and Level Annotations

Branches:
Dungeon (15/15)            Temple (1/1) D:6            Lair (6/6) D:10
  Swamp (4/4) Lair:2       Spider (4/4) Lair:4        Slime (0/5) Lair:5
    Orc (2/2) D:11            Elf (3/3) Orc:2        Vaults (4/5) D:14
  Crypt (1/3) Vaults:2     Depths (3/5) D:15

Altars:
Ashenzari
Cheibriados
Dithmenos
Elyvilon
Hepliaklqana
Kikubaaqudgha
Makhleb
Nemelex Xobeh
Ru
Sif Muna
Trog
Uskayaw
Vehumet
Wu Jian
Xom
Yredelemnul
Zin
The Shining One
Jiyva

Shops:
D:15 [!}(   Orc:2 !**=   Elf:1 *(%*   Elf:2 =   Elf:3 }   Vaults:1 ?
Vaults:2 ?

Portals:
Hell: Depths:1 Depths:2
Trove: D:10 (give 20 potions of curing)

Annotations:
Lair:3 exclusion: oklob plant
Crypt:1 curse skull
Depths:2 fuck vault


Innate Abilities, Weirdness & Mutations

You have a pair of large antennae on your head. (SInv)
You are completely covered in large bone plates. (SH +8)
Your flesh is heat resistant. (rF+)
You regenerate a lot of health from kills.
You are mostly covered in sharp spines.


Message History

The purple very ugly thing basks in the mutagenic energy from its kin and changes!
Unknown command.
As you read the scroll of teleportation, it crumbles to dust.
You feel strangely unstable. You block the iron troll's attack. x3
The deep troll shaman calls upon its god to strengthen the deep troll.
The deep troll seems to grow stronger.
The green ugly thing basks in the mutagenic energy from its kin and changes!
You spin and attack the lich.
You slash the lich!
The lich is heavily damaged.
You spin and attack the iron troll.
You hit the iron troll.
You feel better.
The iron troll is severely wounded.
The lich casts a spell at you. The bolt of acid hits you!
* * * LOW HITPOINT WARNING * * *
You are splashed with acid!
The acid burns!
* * * LOW HITPOINT WARNING * * *
You block the iron troll's attack. x3
The lich casts a spell at you. The crystal spear hits you!
You die...

#...##..............
....+...............
... #...............
#....##.....##
##..)###'####
#...##.....# {
#......uTuu##
#.......†uT.+ {
#.....T..TLM#
#..†####.Y.## {
##...####...## {
+...T........#
##.(..%......#
#...........#
#...........# {
#...!.......'
#...........#


You could see 2 very ugly things, an iron troll, a lich, 2 ugly things, 2 deep
trolls, a deep troll shaman and a yak.

Vanquished Creatures
  Mara (Elf:3)
  A juggernaut (Depths:2)
  Bai Suzhen (Depths:1)
  Margery (Vaults:2)
  A golden dragon (Depths:2)
  Nikola (Spider:3)
  2 liches
  3 deep elf blademasters
  Asterion (Spider:2)
  A quicksilver dragon (Depths:2)
  2 deep elf master archers (Elf:3)
  An ancient champion (Crypt:1)
  Frances (Spider:2)
  2 tengu reavers (Vaults:4)
  A shadow dragon (Vaults:3)
  2 sphinxes
  Kirke (D:13)
  An azure jelly (Swamp:4)
  A storm dragon (Depths:2)
  Roxanne (Elf:3)
  7 frost giants
  8 fire giants
  11 deep elf sorcerers
  Donald (Elf:3)
  4 ghost moths (Spider:4)
  4 vault wardens
  9 deep elf elementalists
  6 emperor scorpions
  An orc warlord (Orc:1)
  2 ghouls (Crypt:1)
  11 ironheart preservers
  13 very ugly things
  19 stone giants
  A caustic shrike skeleton (Depths:1)
  3 vampire knights
  5 entropy weavers
  4 deep elf annihilators (Elf:3)
  3 deep elf demonologists
  5 spark wasps
  A dire elephant (Lair:5)
  A deep elf death mage (Depths:2)
  2 eidola (Crypt:1)
  3 fire dragons
  A crystal guardian (Vaults:4)
  An ettin (Depths:1)
  7 jiangshi
  2 great orbs of eyes
  3 deep elf high priests (Elf:3)
  15 ogre magi
  6 vault guards
  Fannar (Lair:2)
  4 yaktaur captains
  17 hydras
  6 rakshasas
  10 ice dragons
  3 catoblepae (Lair:6)
  3 ghost crabs (Swamp:4)
  3 death knights
  8 centaur warriors
  Erica (Orc:1)
  10 death yaks
  10 deep troll shamans
  6 vampire magi
  A satyr (shapeshifter) (Elf:2)
  4 alligators
  48 two-headed ogres
  31 dancing weapons
  2 spriggan berserkers
  A tengu warrior (Depths:1)
  8 deep troll earth magi
  An orc high priest (Orc:1)
  Sonja (Lair:1)
  25 deep elf knights
  6 skeletal warriors
  A shadow wraith (Vaults:3)
  2 iron trolls
  3 hell knights
  A fire crab (shapeshifter) (Depths:1)
  7 unseen horrors
  A glowing orange brain (Depths:1)
  7 wizards
  An unseen horror (shapeshifter) (Vaults:4)
  A shambling mangrove (Swamp:2)
  6 flayed ghosts
  2 spriggan druids
  31 deep trolls
  4 swamp dragons
  4 ironbrand convokers
  6 necromancers
  20 deep elf archers
  5 orc sorcerers
  5 harpies (Vaults:4)
  5 phantasmal warriors
  A sphinx zombie (Depths:1)
  43 wolf spiders
  An anaconda skeleton (Crypt:1)
  2 wolf spider zombies (D:13)
  11 orc knights
  10 cyclopes
  76 deep elf magi
  65 ugly things
  2 oklob plants (Lair:1)
  19 orb spiders
  A tengu skeleton (Depths:1)
  5 manticores
  An ice statue (IceCv)
  4 vault sentinels
  16 elephants (Lair:5)
  A naga mage (Vaults:4)
  3 black mambas
  3 torpor snails
  4 gargoyles
  13 spiny frogs
  37 yaktaurs
  A kobold demonologist (D:14)
  An efreet (D:14)
  3 rime drakes
  4 komodo dragons
  A komodo dragon (shapeshifter) (Vaults:2)
  A yaktaur (shapeshifter) (D:15)
  7 freezing wraiths
  2 ice devils (D:15)
  3 tengu conjurers
  11 demonic crawlers
  40 jumping spiders
  16 trolls
  8 polar bears (IceCv)
  A tyrant leech (Swamp:2)
  44 slime creatures
  20 hornets
  Prince Ribbit (D:8)
  8 bog bodies
  A raiju (shapeshifter) (Depths:2)
  5 blink frogs
  12 hippogriffs
  A guardian serpent zombie (Crypt:1)
  An alligator zombie (Crypt:1)
  A hippogriff (shapeshifter) (Vaults:2)
  9 dream sheep
  A spriggan (shapeshifter) (Vaults:2)
  5 water elementals
  3 air elementals
  A satyr skeleton (Crypt:1)
  5 shadows
  39 tarantellas
  82 yaks
  8 spriggans
  6 wyverns
  2 vampires (D:12)
  4 hogs
  66 redbacks
  6 fire elementals
  4 wraiths
  4 basilisks
  A human (D:11)
  A human (shapeshifter) (Vaults:1)
  A hog (shapeshifter) (Vaults:2)
  4 fire bats (D:13)
  5 hungry ghosts
  3 basilisks (shapeshifter)
  18 vampire mosquitoes
  4 swamp worm simulacra (Swamp:4)
  Menkaure (D:7)
  A steam dragon (D:15)
  16 insubstantial wisps
  5 wargs
  15 hydra simulacra (Swamp:4)
  17 water moccasins
  An acid dragon (Vaults:2)
  15 swamp worms
  2 soldier ants
  15 swamp drakes
  Duvessa (D:6)
  A swamp drake (shapeshifter) (Vaults:4)
  41 orc warriors
  A torturous demonspawn skeleton (Crypt:1)
  A meliai simulacrum (D:15)
  3 eyes of draining
  6 porcupines
  2 black bears
  2 sky beasts (D:8)
  A necrophage (D:8)
  A sky beast (shapeshifter) (Elf:3)
  3 phantoms
  48 ogres
  17 boggarts
  27 wolves
  17 centaurs
  A rime drake zombie (Crypt:1)
  12 crocodiles
  A big kobold (D:11)
  A bullfrog (shapeshifter) (Depths:2)
  6 elf zombies
  13 bullfrogs
  8 earth elementals
  Dowan (D:6)
  2 human simulacra
  2 scorpions
  19 wights
  An electric eel (Lair:1)
  2 howler monkeys (D:7)
  8 centaur zombies
  6 crimson imps
  7 human zombies
  A quasit (D:11)
  A bullfrog zombie (D:13)
  10 hounds
  17 orc priests
  3 centaur skeletons
  5 iguanas
  4 jellies
  25 orc wizards
  2 bullfrog skeletons
  A human skeleton (D:8)
  2 hell rats (Lair:1)
  11 worker ants
  A hound skeleton (D:10)
  A howler monkey zombie (D:6)
  4 mummies
  2 worker ant zombies
  18 gnolls
  7 adders
  13 river rats (Lair:1)
  4 shadow imps
  3 oozes
  4 swamp drake simulacra (Swamp:4)
  2 adder zombies (D:9)
  A worm (D:2)
  2 dart slugs
  6 leopard geckos
  84 orcs
  10 bats
  5 giant cockroaches
  8 goblins
  5 hobgoblins
  16 jackals
  13 quokkas
  3 frilled lizards
  A jackal zombie (D:8)
  12 kobolds
  A quokka skeleton (D:4)
  A quokka zombie (D:7)
  18 rats
  2 rat zombies (D:4)
  2 crawling corpses (Elf:3)
1981 creatures vanquished.

Vanquished Creatures (others)
  A fire giant (Depths:1)
  A stone giant (Depths:2)
  A dancing weapon (Elf:1)
  A deep elf knight (Elf:2)
  A swamp dragon (Swamp:4)
  A deep elf mage (Elf:1)
  A yaktaur (Depths:2)
  A tyrant leech (Swamp:4)
  6 polar bears (IceCv)
  2 humans (D:13)
  A bog body (Swamp:4)
  A hornet (Spider:4)
  A redback (Spider:4)
  2 yaks (IceCv)
  A swamp worm (Swamp:4)
  A wolf (IceCv)
  3 centaurs
  An orc (Orc:1)
  56 fungi (Lair:5)
  27 plants
  5 toadstools (D:1)
115 creatures vanquished.

Grand Total: 2096 creatures vanquished

Notes
Turn   | Place    | Note
-------+----------+-------------------------------------------
     0 | D:1      | itsmu the Demonspawn Monk began the quest for the Orb.
     0 | D:1      | Reached XP level 1. HP: 18/18 MP: 1/1
   351 | D:1      | Gained mutation: You are partially covered in large bone plates. (SH +4) [demonic ancestry]
   351 | D:1      | Reached XP level 2. HP: 23/24 MP: 2/2
  1473 | D:2      | Gained mutation: You are partially covered in sharp spines. [demonic ancestry]
  1473 | D:2      | Reached XP level 3. HP: 25/29 MP: 3/3
  1551 | D:2      | Reached skill level 1 in Armour
  2331 | D:2      | Gained mutation: You are mostly covered in sharp spines. [demonic ancestry]
  2331 | D:2      | Reached XP level 4. HP: 26/36 MP: 4/4
  2783 | D:3      | Reached skill level 4 in Fighting
  2783 | D:3      | Gained mutation: You are mostly covered in large bone plates. (SH +6) [demonic ancestry]
  2783 | D:3      | Reached XP level 5. HP: 29/42 MP: 5/5
  3317 | D:4      | Found a glowing golden altar of the Shining One.
  3388 | D:4      | Found a snail-covered altar of Cheibriados.
  3428 | D:4      | Got a warped mace
  3454 | D:4      | Noticed an ogre
  3706 | D:4      | Found a sand-covered staircase.
  3721 | Ossuary  | Entered an ossuary
  3779 | Ossuary  | Reached XP level 6. HP: 49/49 MP: 6/6
  4159 | Ossuary  | Reached skill level 5 in Fighting
  4177 | Ossuary  | Reached XP level 7. HP: 25/56 MP: 7/7
  4210 | Ossuary  | Reached skill level 5 in Long Blades
  4995 | D:4      | Found an ancient bone altar of Kikubaaqudgha.
  5034 | D:5      | Entered Level 5 of the Dungeon
  5247 | D:5      | Reached skill level 6 in Fighting
  5311 | D:5      | Reached XP level 8. HP: 54/64 MP: 8/8
  5989 | D:6      | Reached skill level 5 in Armour
  6030 | D:6      | Found a staircase to the Ecumenical Temple.
  6037 | Temple   | Entered the Ecumenical Temple
  6053 | Temple   | Became a worshipper of the Wu Jian Council
  6053 | Temple   | Reached * piety under Wu Jian
  6053 | Temple   | Reached ** piety under Wu Jian
  6163 | D:6      | Noticed Dowan
  6166 | D:6      | Noticed Duvessa
  6193 | D:6      | Killed Duvessa
  6200 | D:6      | Killed Dowan
  6325 | D:6      | Found a shattered altar of Ashenzari.
  6363 | D:6      | Identified the +3 mace of Blood {holy, rC++ rN+} (You found it on level 4 of the Dungeon)
  6819 | D:7      | Reached skill level 7 in Fighting
  6925 | D:7      | Found a burning altar of Makhleb.
  6965 | D:7      | Reached skill level 1 in Evocations
  7081 | D:7      | Noticed a hippogriff
  7085 | D:7      | Noticed Menkaure
  7092 | D:7      | Killed a hippogriff
  7092 | D:7      | Gained mutation: You have a pair of small antennae on your head. [demonic ancestry]
  7092 | D:7      | Reached XP level 9. HP: 37/72 MP: 8/10
  7111 | D:7      | Killed Menkaure
  7857 | D:8      | Noticed Prince Ribbit
  7876 | D:8      | Killed Prince Ribbit
  7876 | D:8      | Reached skill level 8 in Fighting
  7876 | D:8      | Reached skill level 1 in Throwing
  8057 | D:8      | Noticed a centaur warrior
  8081 | D:8      | Killed a centaur warrior
  8184 | D:8      | Gained mutation: You regenerate a little health from kills. [demonic ancestry]
  8184 | D:8      | Reached XP level 10. HP: 14/82 MP: 12/12
  8311 | D:8      | Got a slimy long sword
  8312 | D:8      | Identified the +7 long sword "Zuyri Qul" {flame, MR+} (You found it on level 8 of the Dungeon)
  8437 | D:8      | Reached *** piety under Wu Jian
  8567 | D:8      | Found a basalt altar of Yredelemnul.
  8647 | D:8      | Noticed a two-headed ogre
  8879 | D:8      | Killed a two-headed ogre
  8879 | D:8      | Reached skill level 9 in Fighting
  8921 | D:8      | Got a creamy pearl robe
  9715 | D:9      | Noticed a two-headed ogre
  9829 | D:9      | Killed a two-headed ogre
  9847 | D:9      | Noticed a two-headed ogre
  9863 | D:9      | Killed a two-headed ogre
  9875 | D:9      | Found a hide-covered altar of Uskayaw.
  9898 | D:9      | Found a sparkling altar of Nemelex Xobeh.
  9929 | D:9      | Noticed a two-headed ogre
  9933 | D:9      | Noticed a two-headed ogre
  9950 | D:9      | Killed a two-headed ogre
  9950 | D:9      | Gained mutation: You have a pair of antennae on your head. [demonic ancestry]
  9950 | D:9      | Reached XP level 11. HP: 90/90 MP: 14/14
  9956 | D:9      | Killed a two-headed ogre
 10026 | D:9      | Reached **** piety under Wu Jian
 10331 | D:10     | Entered Level 10 of the Dungeon
 10368 | D:10     | Reached skill level 10 in Fighting
 10793 | D:10     | Noticed a two-headed ogre
 10803 | D:10     | Killed a two-headed ogre
 10803 | D:10     | Reached skill level 5 in Evocations
 10847 | D:10     | Found a staircase to the Lair.
 10926 | D:10     | Noticed a vault guard
 10927 | D:10     | um, isn't it a little early to be seeing you
 10942 | D:10     | Killed a vault guard
 10952 | D:10     | Found a portal to a secret trove of treasure.
 11129 | Lair:1   | Entered Level 1 of the Lair of Beasts
 11129 | Lair:1   | Noticed Sonja
 11137 | Lair:1   | Killed Sonja
 11176 | Lair:1   | Identified the +2 robe of Eqyipeol {*Drain rF+ rCorr Slay+5} (You found it on level 8 of the Dungeon)
 11661 | Lair:1   | Noticed a seven-headed hydra
 11673 | Lair:1   | Killed a one-headed hydra
 11718 | Lair:1   | Noticed an oklob plant
 11960 | Lair:1   | Reached ***** piety under Wu Jian
 12194 | Lair:1   | Gained mutation: You have a pair of large antennae on your head. (SInv) [demonic ancestry]
 12194 | Lair:1   | Reached XP level 12. HP: 71/99 MP: 16/16
 12200 | Lair:1   | Reached skill level 11 in Fighting
 12336 | Lair:1   | HP: 5/100 [acid (11)]
 12713 | Lair:2   | Found a staircase to the Swamp.
 12718 | Lair:2   | Got a brightly glowing dagger
 12719 | Lair:2   | Identified the +11 dagger of Onwanyor {freeze, rF+} (You found it on level 2 of the Lair of Beasts)
 12743 | Lair:2   | Got a slimy plate armour
 12764 | Lair:1   | Identified the +5 plate armour of Wuonlypp {rPois Str+6 SInv} (You found it on level 2 of the Lair of Beasts)
 12792 | Lair:2   | Reached skill level 10 in Long Blades
 13111 | Lair:2   | Noticed Fannar
 13120 | Lair:2   | Killed Fannar
 13226 | Lair:2   | Reached skill level 10 in Armour
 13463 | Lair:2   | Reached skill level 5 in Throwing
 14423 | Lair:4   | Found a hole to the Spider Nest.
 14432 | Lair:4   | fuckin spider.
 15707 | Lair:5   | Reached XP level 13. HP: 77/107 MP: 17/17
 15707 | Lair:5   | Reached skill level 12 in Fighting
 16025 | Lair:5   | Found a staircase to the Slime Pits.
 16025 | Lair:5   | Found a viscous altar of Jiyva.
 16208 | Lair:5   | Identified a scroll of acquirement
 16667 | Lair:5   | Noticed a dire elephant
 16687 | Lair:5   | Killed a dire elephant
 16777 | Lair:6   | Entered Level 6 of the Lair of Beasts
 16930 | Lair:6   | idk wtf i'm doing with this god but it looks cool.
 17078 | Lair:6   | Got a blackened shortbow
 17079 | Lair:6   | Identified the +7 shortbow of Defence {velocity, rC+++ Int-3 Dex-3 SInv} (You found it on level 6 of the Lair of Beasts)
 17113 | Lair:6   | Reached ****** piety under Wu Jian
 17457 | Lair:6   | uh oh.
 17764 | Lair:6   | Reached skill level 13 in Fighting
 17767 | Lair:6   | Gained mutation: You are completely covered in large bone plates. (SH +8) [demonic ancestry]
 17767 | Lair:6   | Reached XP level 14. HP: 70/118 MP: 19/19
 18032 | Lair:6   | Got a twisted plate armour
 18044 | Lair:6   | Identified the +7 plate armour of Demons {rElec rPois Dex-2 SInv} (You found it on level 6 of the Lair of Beasts)
 18483 | D:11     | Found a white marble altar of Elyvilon.
 18538 | D:11     | Found a staircase to the Orcish Mines.
 20067 | D:12     | Noticed a green very ugly thing
 20085 | D:12     | Killed a green very ugly thing
 20507 | D:13     | Noticed Kirke
 20519 | D:13     | Killed Kirke
 20549 | D:13     | Noticed a fire giant
 20895 | D:13     | Killed a fire giant
 20973 | D:13     | cool.
 20997 | D:13     | Found a shadowy altar of Dithmenos.
 21164 | D:13     | Reached XP level 15. HP: 105/125 MP: 21/21
 21167 | D:13     | Reached skill level 5 in Dodging
 21167 | D:13     | Gained mutation: Your flesh is heat resistant. (rF+) [demonic ancestry]
 21167 | D:13     | Reached XP level 16. HP: 123/132 MP: 22/22
 21460 | D:13     | Reached skill level 14 in Fighting
 21671 | Orc:1    | Entered Level 1 of the Orcish Mines
 21747 | Orc:1    | Noticed Erica
 21788 | Orc:1    | Killed Erica
 22672 | Orc:2    | Entered Level 2 of the Orcish Mines
 22866 | Orc:2    | Found a staircase to the Elven Halls.
 22877 | Orc:2    | Found Rubikoap's Jewellery Shoppe.
 23453 | Orc:2    | Found Yffycs Qudgh's Assorted Antiques.
 23454 | Orc:2    | Found Ypnop's Distillery.
 23513 | Orc:2    | Bought a potion of heal wounds for 130 gold pieces
 23516 | Orc:2    | Found Egynaw's Assorted Antiques.
 23519 | Orc:2    | Bought a potion of heal wounds for 50 gold pieces
 23534 | Orc:2    | Bought the ring "Jeefiaplu" {+Blink MR+ Dex+4 Slay+3} for 720 gold pieces
 23857 | Orc:2    | Bought a potion of haste for 100 gold pieces
 23857 | Orc:2    | Bought a potion of haste for 100 gold pieces
 23859 | Orc:2    | Bought a potion of curing for 30 gold pieces
 23859 | Orc:2    | Bought a potion of curing for 30 gold pieces
 23864 | Orc:2    | Bought a potion of haste for 240 gold pieces
 23864 | Orc:2    | Bought 3 scrolls of fear for 252 gold pieces
 23864 | Orc:2    | Bought a brass ring for 120 gold pieces
 23864 | Orc:2    | Bought a cyan potion for 21 gold pieces
 23864 | Orc:2    | Bought a scroll of identify for 48 gold pieces
 23913 | Orc:2    | Bought a scroll of identify for 52 gold pieces
 24689 | D:14     | Found a gate to the Vaults.
 24969 | D:14     | Noticed a sphinx
 24981 | D:14     | Killed a sphinx
 25078 | D:15     | Entered Level 15 of the Dungeon
 25114 | D:15     | Found Egrir's Antique Armour Emporium.
 25152 | D:15     | Found Kueskin's Gadget Shoppe.
 25154 | D:15     | Found Jahomn's Distillery.
 25168 | D:15     | Bought a potion of heal wounds for 75 gold pieces
 25202 | D:15     | Bought a potion of resistance for 150 gold pieces
 25225 | D:15     | Found a staircase to the Depths.
 25592 | D:15     | Found a frozen archway.
 25608 | IceCv    | Entered an ice cave
 25823 | IceCv    | Reached skill level 15 in Fighting
 25897 | IceCv    | Reached XP level 17. HP: 136/142 MP: 24/24
 26411 | IceCv    | Identified the Collected Works on Creation
 26731 | D:15     | Found Femith's Antique Weapon Shoppe.
 27375 | Spider:1 | Entered Level 1 of the Spider Nest
 28021 | Spider:1 | hm
 28027 | Spider:1 | Reached skill level 10 in Evocations
 28326 | Spider:2 | Reached skill level 1 in Shields
 28538 | Spider:2 | Paralysed by a hornet for 1 turns
 28544 | Spider:2 | Noticed Asterion
 28561 | Spider:2 | Killed Asterion
 28775 | Spider:2 | Noticed Frances
 28784 | Spider:2 | Killed Frances
 29489 | Spider:3 | Noticed Nikola
 29501 | Spider:3 | Killed Nikola
 29616 | Spider:3 | Reached XP level 18. HP: 129/151 MP: 25/25
 29707 | Spider:3 | Reached skill level 16 in Fighting
 29984 | Spider:4 | Entered Level 4 of the Spider Nest
 30497 | Spider:4 | Reached skill level 10 in Throwing
 30770 | Spider:4 | Reached skill level 15 in Armour
 31652 | Spider:4 | Got a smoking copper ring
 31663 | Spider:4 | Got a gossamer rune of Zot
 32305 | Lair:1   | Identified the ring of Starshine {Dex+2 Stlth+} (You found it on level 4 of the Spider Nest)
 32366 | Swamp:1  | Entered Level 1 of the Swamp
 32585 | Swamp:1  | Reached skill level 15 in Long Blades
 33362 | Swamp:2  | Paralysed by a hornet for 3 turns
 33728 | Swamp:2  | Reached skill level 5 in Shields
 34455 | Swamp:3  | Got a warped scimitar
 34456 | Swamp:3  | Identified the +12 scimitar of Fugool {flame, *Rage rF+ Str-2 Int+8} (You found it on level 3 of the Swamp)
 34737 | Swamp:4  | Entered Level 4 of the Swamp
 34997 | Swamp:4  | Gained mutation: You regenerate health from kills. [demonic ancestry]
 34997 | Swamp:4  | Reached XP level 19. HP: 136/159 MP: 27/27
 35873 | Swamp:4  | Got a decaying rune of Zot
 35974 | Swamp:2  | Reached skill level 17 in Fighting
 36210 | Depths:1 | Entered Level 1 of the Depths
 36519 | Depths:1 | Found a gateway to Hell.
 36560 | Depths:1 | Noticed Bai Suzhen
 36582 | Depths:1 | Killed Bai Suzhen
 37503 | Depths:1 | Found a shimmering altar of Xom.
 37791 | Depths:2 | Paralysed by a great orb of eyes for 5 turns
 37870 | Depths:2 | this looks suspicious.
 37963 | Depths:2 | Noticed a juggernaut
 38502 | Vaults:1 | Entered Level 1 of the Vaults
 38513 | Vaults:1 | Reached XP level 20. HP: 164/170 MP: 28/28
 39013 | Vaults:1 | Found Yvieguer's Magic Scroll Shop.
 39275 | Vaults:1 | Bought a scroll of fear for 56 gold pieces
 39275 | Vaults:1 | Bought a scroll of identify for 32 gold pieces
 39275 | Vaults:1 | Bought a scroll of identify for 32 gold pieces
 39275 | Vaults:1 | Bought a scroll of acquirement for 832 gold pieces
 39312 | Vaults:1 | Reached skill level 18 in Fighting
 39334 | Vaults:1 | Got a smoking buckler
 39345 | Vaults:1 | Identified the +1 buckler "Ficuap" {+Blink rF- Int+6} (You acquired it on level 1 of the Vaults)
 40079 | Vaults:2 | Noticed Margery
 40103 | Vaults:2 | Killed Margery
 40142 | Vaults:2 | Found Lewoj's Magic Scroll Boutique.
 40158 | Vaults:2 | Bought a scroll of blinking for 127 gold pieces
 40158 | Vaults:2 | Bought a scroll of blinking for 127 gold pieces
 41204 | Vaults:2 | Paralysed by a great orb of eyes for 4 turns
 41676 | Vaults:2 | Found a staircase to the Crypt.
 42445 | Vaults:3 | Gained mutation: You regenerate a lot of health from kills. [demonic ancestry]
 42445 | Vaults:3 | Reached XP level 21. HP: 178/178 MP: 30/30
 44595 | Vaults:4 | Found a radiant altar of Vehumet.
 45246 | Vaults:4 | Reached skill level 5 in Stealth
 45726 | Crypt:1  | Entered Level 1 of the Crypt
 46023 | Crypt:1  | Cast into level 3 of the Abyss (a lich)
 46024 | Abyss:3  | of course.
 46045 | Crypt:1  | Escaped the Abyss
 47209 | Elf:1    | Entered Level 1 of the Elven Halls
 47250 | Elf:1    | Reached skill level 19 in Fighting
 47436 | Elf:1    | Found Ezun's Assorted Antiques.
 47436 | Elf:1    | Found Xoaveym's Assorted Antiques.
 47438 | Elf:1    | Found Zigokeel's Food Shop.
 47439 | Elf:1    | Found Soanuh's Weapon Boutique.
 47485 | Elf:1    | Bought a scroll of enchant armour for 255 gold pieces
 47694 | Elf:1    | Reached XP level 22. HP: 176/187 MP: 31/31
 48083 | Elf:2    | Found Xylatax's Jewellery Shoppe.
 48311 | Elf:2    | Reached skill level 10 in Shields
 48659 | Elf:2    | Found a huge runed gate.
 48661 | Elf:2    | Found a huge runed gate.
 48664 | Elf:2    | Found a huge runed gate.
 49303 | Elf:3    | Entered Level 3 of the Elven Halls
 49365 | Elf:3    | Found Qamir's Gadget Shop.
 49400 | Elf:3    | Noticed Donald
 49409 | Elf:3    | Killed Donald
 49503 | Elf:3    | Noticed Mara
 49517 | Elf:3    | Killed Mara
 49665 | Elf:3    | Noticed Roxanne
 49684 | Elf:3    | Killed Roxanne
 50305 | Elf:3    | Reached skill level 20 in Fighting
 50305 | Elf:3    | Reached XP level 23. HP: 167/196 MP: 32/32
 50382 | Elf:3    | Identified Uwen's Volume of Icy Malediction
 50453 | Elf:3    | Got a twitching brass ring
 50485 | Elf:3    | Got a glittering tin ring
 50487 | Elf:3    | Identified the Disquisition on Arcane Weapons and Ice
 50513 | Elf:3    | Got a polished buckler
 50524 | Elf:3    | Identified the +2 buckler of Conscience {+Blink rF+ MR+ Str-3} (You found it on level 3 of the Elven Halls)
 50965 | Elf:3    | Got a crude tin ring
 51270 | Lair:1   | Identified the ring "Uleonuesch" {rCorr Str+2} (You found it on level 3 of the Elven Halls)
 51272 | Lair:1   | Identified the ring "Urchohube" {*Drain +Fly rElec rC++} (You found it on level 3 of the Elven Halls)
 51400 | Lair:1   | Got a crude cloak
 51411 | Lair:1   | Identified the cursed +0 cloak "Zuulobas" {rPois MR+ Str+2 Stlth+} (You found it on level 1 of the Lair of Beasts)
 51489 | Lair:1   | Identified the ring "Nural" {+Blink rElec rPois Str+3 Int-3} (You found it on level 3 of the Elven Halls)
 51583 | D:15     | Bought a shiny large shield for 262 gold pieces
 52327 | Depths:2 | Killed a juggernaut
 52327 | Depths:2 | Reached skill level 21 in Fighting
 53203 | Depths:3 | Killed from afar by a lich

Vault maps used:
D:1:      ldierk_walled_garden, corexii_hall_statues_deadend,
          hangedman_decor_clover_reticule, minmay_distorted
D:2:      first_bread
D:3:      kennysheep_generic_room_13
D:4:      lemuel_zombie_altar_kikubaaqudgha, kennysheep_slug_shrine,
          nicolae_ossuary_entry_ruins, serial_bayou_ford_a, tso_altar
D:6:      minmay_temple_entry_junction, lemuel_tele_altar, uniq_duvessa
D:7:      lemuel_crystal_altar, uniq_menkaure
D:8:      lemuel_mausoleum_altar_yredelemnul, uniq_prince_ribbit1
D:9:      old_standard_altar, lemuel_doored_altar
D:10:     lair_entry_dummy, enter_trove_5
D:11:     kennysheep_blocky_hall, david_orc_3, basic_altar, grunt_livestock
D:12:     minmay_stepped
D:13:     minmay_firetagon, kennysheep_nondescript, grunt_dithmenos_shadows,
          uniq_kirke
D:14:     minmay_eight_partial_circles, grunt_vaults_entry_fortified,
          kennysheep_nub
D:15:     grunt_enter_depths_giant_problem, serial_shops, shop, shop_statue,
          shop, shop_statue, hangedman_decor_growths,
          portal_ice_cave_demonic_guard
Temple:   compressed_dpeg_circular_temple
Lair:1:   lemuel_ratsnest, infiniplex_staircase_pool, minmay_lair_oklob_chamber,
          uniq_sonja
Lair:2:   swamp_mist, uniq_fannar
Lair:4:   spider_nest_entry_a
Lair:5:   mu_elephants_graveyard, slime_altar_1
Lair:6:   evilmike_catoblepas_cave, lemuel_old_faithful, grunt_megastairs_4
Swamp:1:  evilmike_swamp_ruin_rubble_1
Swamp:2:  evilmike_swamp_ruin_house_1, swamp_pool5, nicolae_swamp_baby_hydras
Swamp:3:  nicolae_swamp_little_tower, swamp_pool4
Swamp:4:  swamp_icy, swamp_pool4, nicolae_swamp_hydra_murder_den
Spider:2: spider_trap, uniq_asterion, uniq_frances
Spider:3: uniq_nikola
Spider:4: grunt_spider_rune_parallel, spider_trap, spiders_nest_spider_trap
Orc:1:    roderic_batcave, uniq_erica
Orc:2:    st_orc_open
Elf:1:    minivault_28, minmay_shoptagon
Elf:2:    serial_shops, shop, minmay_the_grid_3x2
Elf:3:    minmay_elf_hall_statues, serial_shops, shop, uniq_mara, uniq_donald,
          uniq_roxanne
Vaults:1: nicolae_vaults_angled_halls, ontoclasm_vaults_fault,
          hangedman_vaults_maws, nicolae_vaults_rhombus_6, v_alt_pattern_4,
          nicolae_vaults_three_branches, nicolae_vaults_gold_heap,
          nicolae_vaults_big_angled_halls, nicolae_vaults_ring_of_whatevers,
          nicolae_vaults_network_s, nicolae_vaults_an_arrangement, v_pattern_5,
          ontoclasm_vaults_shuriken, serial_shops, shop_scrolls
Vaults:2: v_misc_5, v_misc_23, vaults_mumra_hex,
          nicolae_vaults_bisected_inception, vaults_room_stairs_pillars,
          grunt_vaults_bifocal, hangedman_vaults_river_flow, v_rooms_1,
          vaults_room_ringed_pool, ontoclasm_vaults_pinch,
          nicolae_vaults_little_ls, serial_shops, nicolae_shop_statue_plus,
          uniq_margery
Vaults:3: st_quartered_hall, vaults_room_stairs_pillars,
          vaults_dpeg_encased_lava, vaults_room_pools
Vaults:4: vaults_room_door_hall, grunt_tower_of_power,
          nicolae_vaults_mini_display_case, v_misc_26,
          hangedman_vaults_restitches, v_misc_14, dpeg_vaults_monster_box,
          nicolae_vaults_shelves_hall, nicolae_vaults_shelves_hall,
          vaults_room_semicircle, vaults_room_pool, vaults_dpeg_diagonal
Crypt:1:  evilmike_ambush, grunt_crypt_arrival_webbed
Depths:1: minmay_misc_feat_square, hell_entry, tgw_xom, uniq_bai_suzhen
Depths:2: hangedman_arch_fort, hangedman_coc_ice_floe, wad_dig_loot,
          infiniplex_staircase_pool_2
Depths:3: minmay_glassy_protrusions, pan_entry, hell_entry,
          infiniplex_staircase_pool_lava, roderic_lattice_octagonal_star
Ossuary:  ossuary_minmay_four_chambers
IceCv:    ice_cave_caverns_03

Skill      XL: |  1  2  3  4  5  6  7  8  9 10 11 12 13 14 15 16 17 18 19 20 21 22 23 |
---------------+----------------------------------------------------------------------+-----
Stealth        | 2 4 5 |  5.6
Long Blades    | 3 4 5 6 7 9 10 11 12 14 15 16 | 16.9
Armour         | 1 2 3 4 6 7 8 9 10 11 12 13 14 15 16 17 18 19 | 19.3
Fighting       | 4 5 6 7 8 9 10 11 13 15 16 17 18 19 20 21 | 21.7
Evocations     | 1 3 4 5 6 7 8 9 10 11 12 13 | 13.1
Throwing       | 2 3 4 5 6 7 8 9 10 11 12 | 12.3
Dodging        | 5 |  5.8
Shields        | 3 5 6 8 9 11 13 | 13.1

Action                   |  1- 3 |  4- 6 |  7- 9 | 10-12 | 13-15 | 16-18 | 19-21 | 22-24 || total
-------------------------+-------+-------+-------+-------+-------+-------+-------+-------++-------
Melee: Falchion          |    83 |       |       |       |       |       |       |       ||    83
       Trident           |    45 |   207 |   205 |     7 |       |       |       |       ||   464
       Dagger            |       |       |   215 |       |       |       |       |       ||   215
       Long sword        |       |       |       |   595 |   912 |  1814 |    11 |       ||  3332
       Double sword      |       |       |       |       |       |   468 |  2153 |  1406 ||  4027
       Blowgun           |       |       |       |       |       |       |     1 |       ||     1
 Fire: Blowgun           |       |       |       |       |       |     1 |    38 |       ||    39
Throw: Javelin           |       |       |    25 |    12 |     4 |     1 |     5 |       ||    47
       Tomahawk          |       |       |       |       |       |       |     4 |       ||     4
Invok: Serpent's Lash    |       |       |       |       |       |    19 |     7 |     8 ||    34
       Heaven On Earth   |       |       |       |       |       |     3 |     6 |     1 ||    10
 Abil: Evoke Blink       |       |       |       |       |       |     2 |       |       ||     2
Evoke: Wand              |       |       |       |    24 |     8 |       |     3 |     1 ||    36
       Box of beasts     |       |       |       |     1 |       |       |       |       ||     1
       Fan of gales      |       |       |       |       |     1 |       |       |       ||     1
       Lamp of fire      |       |       |       |       |       |     1 |       |       ||     1
       Lightning rod     |       |       |       |       |       |       |       |     1 ||     1
  Use: Scroll            |     8 |     9 |     8 |     8 |     9 |    20 |    14 |     3 ||    79
       Potion            |       |     1 |     4 |       |     2 |     9 |     7 |     1 ||    24
 Stab: Sleeping          |     3 |     1 |       |       |       |       |       |       ||     4
       Distracted        |     1 |       |       |     1 |     1 |     5 |     2 |     2 ||    12
       Confused          |       |       |       |     9 |       |       |       |       ||     9
       Petrified         |       |       |       |       |     4 |       |       |       ||     4
       Petrifying        |       |       |       |       |     1 |       |       |       ||     1
  Eat: Chunk             |     4 |     5 |    18 |    23 |    22 |    35 |    35 |    16 ||   158
       Fruit             |       |     2 |       |     1 |       |     4 |       |       ||     7
       Royal jelly       |       |       |     3 |       |       |       |     1 |       ||     4
       Meat ration       |       |       |       |       |       |     2 |       |       ||     2
       Bread ration      |       |       |       |       |       |       |     2 |     2 ||     4
Armor: Leather armour    |    11 |       |       |       |       |       |       |       ||    11
       Ring mail         |    49 |    66 |    55 |       |       |       |       |       ||   170
       Plate armour      |       |       |    64 |   247 |   404 |  1120 |   578 |   279 ||  2692
       Skin              |       |       |    21 |     7 |       |       |       |       ||    28
Dodge: Dodged            |    83 |    84 |   118 |   113 |   214 |   652 |   380 |   179 ||  1823
Block: Other             |    26 |    51 |   133 |   154 |   294 |   628 |   116 |       ||  1402
       Reflection        |       |       |     7 |     5 |    14 |     2 |       |    13 ||    41
       Shield            |       |       |       |       |       |       |   833 |   396 ||  1229
       Large shield      |       |       |       |       |       |       |       |   388 ||   388
       Rpst.: Falchion   |    18 |       |       |       |       |       |       |       ||    18
       Long sword        |       |       |       |    24 |    57 |   108 |       |       ||   189
       Double sword      |       |       |       |       |       |    22 |    72 |    31 ||   125
